cohdb
Replays
Latest Replays
All Replays
Popular Replays
Top Player Replays
Match Explorer
How It Works
Community
CoH3 Stats
Reddit
Sign in to upload your games and track your stats! →
Sign in with Steam
Match 43477197
Unlisted
Match 43477197
Overview
Messages
Build Orders
End
Pioneer Squad
Construct Infanterie Kompanie
MG 42 Machine Gun Team
Selects Mechanized Battlegroup
Grenadier Squad
Grenadier Squad
Construct Luftwaffe Kompanie
221 Scout Car
Medical Bunker
Selects Raid Package
Jäger Squad
Jäger Squad
Support Elements
Selects StuG Assault Group
Marder III M Tank Destroyer
Selects Spotting Scopes
StuG Assault Group
Selects Panther Heavy Tank
Panther Heavy Tank
HORUS
woof_raff
0
0
Comments
sign in to comment!
No comments posted yet!